 Dungeon Crawl Stone Soup version 0.28-a0-1344-g6b9ff3a05d (webtiles) character file.

Game seed: 18399579779624370032

983 HessuHobo the Chopper (level 7, 0/66 HPs)
             Began as a Minotaur Berserker on Dec 29, 2021.
             Was a Priest of Trog.
             Slain by an orc warrior (11 damage)
             ... on level 5 of the Dungeon.
             The game lasted 00:03:46 (6589 turns).

HessuHobo the Chopper (Minotaur Berserker)          Turns: 6589, Time: 00:03:47

Health: 0/66       AC: 11    Str: 21    XL:     7   Next: 96%
Magic:  6/6        EV:  8    Int: 10    God:    Trog [***...]
Gold:   221        SH:  0    Dex: 12    Spells: 6/6 levels left

rFire   . . .      SeeInvis .   s - +0 war axe
rCold   . . .      Faith    .   (no shield)
rNeg    . . .      Spirit   .   h - +0 chain mail
rPois   .          Reflect  .   (helmet restricted)
rElec   .          Harm     .   j - +0 cloak
rCorr   .          Rampage  .   (no gloves)
Will    .....                   (no boots)
Stlth   ..........              (no amulet)
HPRegen 0.21/turn               n - +6 ring of intelligence
MPRegen 0.10/turn               (no ring)

@: no status effects
A: horns 2, retaliatory headbutt
a: Renounce Religion, Berserk, Trog's Hand


You were on level 5 of the Dungeon.
You worshipped Trog.
Trog was most pleased with you.
You visited 1 branch of the dungeon, and saw 5 of its levels.

You collected 221 gold pieces.

Inventory:

Hand Weapons
 b - a +4 short sword of venom
 k - a +1 whip of venom
 s - a +0 war axe (weapon)
Missiles
 g - 12 bolts
Armour
 h - a +0 chain mail (worn)
 j - a +0 cloak (worn)
Jewellery
 n - a +6 ring of intelligence (left hand)
Wands
 f - a wand of charming (8)
Scrolls
 c - 6 scrolls of identify {unknown}
 d - a scroll of fog {unknown}
 i - a scroll of teleportation {unknown}
 m - a scroll of brand weapon {unknown}
 o - a scroll of fear {unknown}
 q - 2 scrolls of silence {unknown}
Potions
 a - a potion of attraction {unknown}
 e - 4 potions of curing {unknown}
 l - a potion of brilliance {unknown}
 p - a potion of degeneration {unknown}
 r - a potion of flight {unknown}
 t - a potion of berserk rage {unknown}


   Skills:
 + Level 7.2 Fighting
 + Level 7.3 Axes
 + Level 6.8 Armour
 - Level 2.1 Dodging


You had 6 spell levels left.
You didn't know any spells.
Your spell library was empty.

Dungeon Overview and Level Annotations

Branches:
Dungeon (5/15)
 Temple: D:4-7

Altars:
Nemelex Xobeh
Okawaru
Ru
Vehumet

Shops:
D:3 (


Innate Abilities, Weirdness & Mutations

You have a pair of horns on your head.
You reflexively headbutt those who attack you in melee.


Message History

The orc warrior is heavily wounded.
You hit the orc warrior but do no damage.
The orc warrior is heavily wounded.
The orc warrior hits you but does no damage.
You closely miss the orc warrior.
The orc warrior is heavily wounded.
The orc warrior hits you with a +0 scimitar.
The orc warrior hits you but does no damage.
You hit the orc warrior but do no damage.
Your headbutt misses the orc warrior.
The orc warrior is heavily wounded.
The orc warrior hits you with a +0 scimitar.
You closely miss the orc warrior.
You headbutt the orc warrior, but do no damage.
The orc warrior is heavily wounded.
The orc warrior barely misses you. You furiously retaliate!
You headbutt the orc warrior. You closely miss the orc warrior.
Your headbutt misses the orc warrior.
The orc warrior is heavily wounded.
The orc warrior hits you with a +0 scimitar.
You barely miss the orc warrior.
The orc warrior is heavily wounded.
The orc warrior hits you with a +0 scimitar!
You hit the orc warrior but do no damage.
The orc warrior is heavily wounded.
The orc warrior hits you with a +0 scimitar!
You closely miss the orc warrior. Your headbutt misses the orc warrior.
The orc warrior is heavily wounded.
The orc warrior misses you.
You closely miss the orc warrior. Your headbutt misses the orc warrior.
The orc warrior is heavily wounded.
The orc warrior hits you but does no damage.
You hit the orc warrior.
The orc warrior is severely wounded.
The orc warrior hits you with a +0 scimitar! x2
* * * LOW HITPOINT WARNING * * *
You closely miss the orc warrior.
The orc warrior is severely wounded.
The orc warrior hits you with a +0 scimitar!
You die...

##............#
#..#.......
############.#
#..#....... #.#
#..#.#..#.. #.#
#..#.#..... #.#
#.##.##. #.#
#.##.##. ####.#
#.##>##. #....#
#.#####. #@##.#
.. #. #o####


o{o ##.## ..# ### You could see an orc warrior and 2 orcs.

Vanquished Creatures
  A water moccasin (D:4)
  An orc warrior (D:5)
  A black bear (D:4)
  2 ogres (D:5)
  Blork the orc (D:4)
  A water moccasin skeleton (D:4)
  2 hounds
  Crazy Yiuf (D:2)
  An iguana (D:3)
  Terence (D:2)
  A scorpion zombie (D:5)
  Natasha (D:2)
  3 orc wizards
  Robin (D:2)
  3 adders
  A worm (D:3)
  2 dart slugs
  13 orcs
  5 bats
  5 endoplasms
  3 giant cockroaches (D:1)
  12 goblins
  12 hobgoblins
  8 kobolds
  4 quokkas
  13 ball pythons
  3 frilled lizards
  2 rats
104 creatures vanquished.

Notes
Turn   | Place    | Note
-------+----------+-------------------------------------------
     0 | D:1      | HessuHobo the Minotaur Berserker began the quest for the
                  | Orb.
     0 | D:1      | Reached XP level 1. HP: 19/19 MP: 0/0
   218 | D:1      | Reached XP level 2. HP: 27/27 MP: 1/1
   589 | D:1      | Found a faded altar of an unknown god.
   735 | D:1      | Reached XP level 3. HP: 21/33 MP: 2/2
  1200 | D:2      | Noticed Terence
  1225 | D:2      | Killed Terence
  1397 | D:2      | Reached ** piety under Trog
  1424 | D:2      | Noticed Robin
  1434 | D:2      | Reached XP level 4. HP: 32/41 MP: 3/3
  1438 | D:2      | Killed Robin
  1844 | D:2      | Noticed Natasha
  1848 | D:2      | Killed Natasha
  2218 | D:2      | Found a runed translucent door.
  2219 | D:2      | Noticed Crazy Yiuf
  2287 | D:2      | Killed Crazy Yiuf
  2288 | D:2      | Reached skill level 5 in Axes
  2288 | D:2      | Reached XP level 5. HP: 23/47 MP: 4/4
  2746 | D:3      | Reached skill level 5 in Fighting
  3391 | D:3      | Found Voonearr's Weapon Shoppe.
  3956 | D:3      | Found a radiant altar of Vehumet.
  3967 | D:3      | Found an iron altar of Okawaru.
  4398 | D:4      | Reached XP level 6. HP: 56/56 MP: 5/5
  4406 | D:4      | Reached skill level 5 in Armour
  4539 | D:4      | Found a sacrificial altar of Ru.
  4540 | D:4      | Noticed a water moccasin
  4549 | D:4      | Killed a water moccasin
  4762 | D:4      | Noticed Blork the orc
  4769 | D:4      | Killed Blork the orc
  4918 | D:4      | Reached *** piety under Trog
  4919 | D:4      | Reached XP level 7. HP: 63/63 MP: 6/6
  5420 | D:5      | Entered Level 5 of the Dungeon
  6012 | D:5      | Found a sparkling altar of Nemelex Xobeh.
  6589 | D:5      | Slain by an orc warrior

Illustrated notes

Levels and vault maps discovered:
D:1:      dpeg_arrival_arbitrary_b, layout_loops_cross,
          shapermc_ecumenical_altar_mp_ritualfount
D:2:      layout_loops_ring, uniq_natasha, uniq_terence,
          uniq_crazy_yiuf_cottage, uniq_robin
D:3:      minmay_skewed_foursquare, layout_basic,
          amethyst_overflow_temple_binary, serial_shops,
          nicolae_shop_window_shopping, dk_vineyard_1, minmay_circle_x
D:4:      layout_basic, nicolae_ru_sacrificial_ziggurat, uniq_blork_the_orc
D:5:      layout_basic, nemelex_xobeh_ov_fountains_minmay,
          kennysheep_cluttered_room, kennysheep_generic_room_16

Skill      XL: |  1  2  3  4  5  6  7 |
---------------+----------------------+-----
Axes           | 4 5 6 7 |  7.3
Fighting       | 4 5 6 7 |  7.2
Armour         | 3 4 5 6 |  6.8
Dodging        | |  2.1

Action                   |  1- 3 |  4- 6 |  7- 9 || total
-------------------------+-------+-------+-------++-------
Melee: Hand axe          |    68 |   136 |       ||   204
       Headbutt          |    10 |    24 |     7 ||    41
       War axe           |       |     2 |    45 ||    47
Invok: Berserk           |       |     3 |       ||     3
 Stab: Sleeping          |     1 |       |       ||     1
Armor: Animal skin       |     7 |       |       ||     7
       Chain mail        |     8 |    73 |    20 ||   101
       Ring mail         |     4 |       |       ||     4
Dodge: Dodged            |    44 |    55 |    14 ||   113

Table legend: (Time is in decaauts)
 A = Elapsed time spent in this place.
 B = Non-inter-level travel time spent in this place.
 C = Inter-level travel time spent in this place.
 D = Time resting spent in this place.
 E = Time spent auto-exploring this place.
 F = Levels seen in this place.
 G = Mean time per level.
                   A        B        C        D        E       F      G
               +--------+--------+--------+--------+--------+-----+--------+
         Total |   6633 |   6438 |    195 |   2840 |   2964 |   5 | 1326.6 |
       Dungeon |   6633 |   6438 |    195 |   2840 |   2964 |   5 | 1326.6 |
               +--------+--------+--------+--------+--------+-----+--------+

Top non-repeatable levels by time:
     D:3: 1647 daAuts
     D:2: 1389 daAuts
     D:1: 1340 daAuts
     D:5: 1174 daAuts
     D:4: 1080 daAuts
